 Dungeon Crawl Stone Soup version 0.15.1-1-gfacfea3 (webtiles) character file.

72 Kex the Covered (level 4, -1/31 HPs)
             Began as a Halfling Fighter on Sept 27, 2014.
             Slain by Sigmund
             ... wielding a +0 scythe
              (8 damage)
             ... on Level 2 of the Dungeon.
             The game lasted 00:07:15 (1159 turns).

Kex the Covered (Halfling Fighter)                  Turns: 1159, Time: 00:07:15

HP  -1/31        AC  7     Str 16      XL: 4   Next: 50%
MP   4/4         EV 10     Int  7      God:
Gold 11          SH  0     Dex 14      Spells:  0 memorised,  3 levels left

rFire  . . .     SeeInvis .     a - +0 cutlass
rCold  . . .     Clarity  .     b - +0 scale mail
rNeg   . . .     rCorr    .     c - +0 buckler
rPois  .         rRot     .     (no helmet)
rElec  .         Spirit   .     (no cloak)
SustAb .         Warding  .     (no gloves)
rMut   .         Stasis   .     (no boots)
Gourm  .                        (no amulet)
MR     .....                    (no ring)
                                (no ring)

@: confused, not resistant to hostile enchantments, extremely unstealthy
A: mutation resistance 1
a: no special abilities


You were on level 2 of the Dungeon.
You were not hungry.

You visited 1 branch of the dungeon, and saw 2 of its levels.

You collected 11 gold pieces.

Inventory:

Hand weapons
 a - a +0 cutlass (weapon)
 k - a +0 hunting sling
Missiles
 v - 17 stones (quivered)
Armour
 b - a +0 scale mail (worn)
 c - a +0 buckler (worn)
Comestibles
 d - 3 bread rations
 m - 3 fruits
Scrolls
 j - a scroll of amnesia {unknown}
 n - 2 scrolls of remove curse {unknown}
 r - 2 scrolls of recharging {unknown}
 t - a scroll of fog {unknown}
 w - a scroll of fear {unknown}
 x - a scroll of teleportation {unknown}
Jewellery
 h - an uncursed ring of regeneration {unknown}
 s - an uncursed ring of regeneration {unknown}
Potions
 e - a potion of might
 g - 2 potions of brilliance {unknown}
 i - a potion of haste {unknown}
 o - 2 potions of curing {unknown}
 u - a potion of agility {unknown}


   Skills:
 + Level 3.0 Fighting
 + Level 3.1 Short Blades
 + Level 2.7 Slings
 + Level 4.0 Armour
 + Level 1.3 Dodging
 + Level 3.3 Shields


You had 3 spell levels left.
You didn't know any spells.

Dungeon Overview and Level Annotations

Branches:
Dungeon (2/15)

Altars:

Annotations:
D:2 Sigmund


Innate Abilities, Weirdness & Mutations

You are small and have problems with some larger weapons.
You are somewhat resistant to further mutation.


Message History

You shoot a stone. The magic dart hits you!
Firing (i - inventory):
v - 18 stones (quivered)
Press: ? - help, Shift-Dir - straight line You shoot a stone.
The puff of flame hits you!
Wield which item (- for none, * to show all)? (? for menu, Esc to quit)
a - a +0 cutlass (weapon)
Something hits you.
You barely miss something.
You hear some strange, mumbled words.
You are confused.
Ouch! You hear some strange, mumbled words.
Something tries to affect you, but you resist.
You closely miss something. Something hits you.
You miss something. You miss something. Something hits you!
* * * LOW HITPOINT WARNING * * *
You miss something. Something hits you!
You die...

.)>)...................
##.##...#..#.#.#######
....#...#..#.#.#.##########.
##..###.#..#.#.#........((((
........#..#.#.#.###########
##..#####..#.#.#.#
.#..###.#..#.#.#.#
.#.........#.#.#.#
.#.####....<.#.#@#
.#.........###.#.#############
.......%.......#.##..........#
...####....#####.##.#######.##
....%.(...................#.#
##.####....#####.##.####.##.#
##.# #....# #.##.# #.##.# ##.#
#....# #.##.# #.##.# ##.#
#....# #.##.# #....#


There were no monsters in sight!

Vanquished Creatures
  Ijyb (D:2)
  3 gnolls (D:2)
  A giant cockroach (D:1)
  2 goblins (D:2)
  2 hobgoblins (D:1)
  6 kobolds
  4 bats
  3 giant geckos (D:1)
  2 giant newts (D:2)
  6 rats
30 creatures vanquished.

Notes
Turn   | Place    | Note
--------------------------------------------------------------
     0 | D:1      | Kex, the Halfling Fighter, began the quest for the Orb.
     0 | D:1      | Reached XP level 1. HP: 15/15 MP: 1/1
   142 | D:1      | Reached XP level 2. HP: 20/20 MP: 2/2
   698 | D:2      | Reached skill level 1 in Slings
   698 | D:2      | Reached XP level 3. HP: 26/26 MP: 3/3
   722 | D:2      | Reached skill level 4 in Armour
   730 | D:2      | Reached XP level 4. HP: 8/31 MP: 4/4
   997 | D:2      | Reached skill level 1 in Dodging
  1046 | D:2      | Noticed Ijyb
  1067 | D:2      | Killed Ijyb
  1135 | D:2      | Noticed Sigmund
  1159 | D:2      | Slain by Sigmund

Action                   |  1- 3 |  4- 6 || total
-------------------------+-------+-------++-------
Melee: Cutlass           |    72 |    32 ||   104
 Fire: Hunting sling     |    23 |    20 ||    43
  Eat: Chunk             |       |     1 ||     1
